 Dungeon Crawl Stone Soup version 0.25.0-10-g039870ee82 (webtiles) character file.

Game seed: 9777170743617455164

100 Kold the Insei (level 4, -1/28 HPs)
             Began as an Octopode Transmuter on June 23, 2020.
             Slain by an iguana (5 damage)
             ... on level 4 of the Dungeon.
             The game lasted 00:04:56 (3321 turns).

Kold the Insei (Octopode Transmuter)                Turns: 3321, Time: 00:04:57

Health: -1/28      AC:  1    Str:  9    XL:     4   Next: 74%
Magic:  3/7        EV: 13    Int: 15    God:
Gold:   109        SH:  0    Dex: 13    Spells: 3/7 levels left

rFire    . . .     SeeInvis .     - Unarmed
rCold    . . .     Gourm    .   (no shield)
rNeg     . . .     Faith    .   (helmet restricted)
rPois    .         Spirit   .   (no amulet)
rElec    .         Reflect  .   (no ring)
rCorr    .         Harm     .   (no ring)
MR       .....                  (no ring)
Stlth    ++........             (no ring)
HPRegen  0.09/turn              (no ring)
MPRegen  0.10/turn              (no ring)
                                (no ring)
                                (no ring)

@: brilliant, appendage, very slightly contaminated
A: almost no armour, stealthy swim, amphibious, 8 rings, constrict 8, tentacle
spike 3, camouflage 1, gelatinous body 1
a: End Transformation


You were on level 4 of the Dungeon.
You were not hungry.
One of your tentacles had a temporary spike.
You visited 1 branch of the dungeon, and saw 4 of its levels.

You collected 109 gold pieces.

Inventory:

Missiles
 a - 30 arrows
Jewellery
 h - an uncursed ring of ice {unknown}
Scrolls
 b - 2 scrolls of identify {unknown}
 d - 2 scrolls of enchant armour {unknown}
 e - a scroll of remove curse
 f - 2 scrolls of blinking {unknown}
 i - 5 scrolls of teleportation {unknown}
 j - a scroll of immolation {unknown}
 o - a scroll of amnesia {unknown}
Potions
 g - 2 potions of lignification {unknown}
 l - 2 potions of brilliance
 m - a potion of invisibility {unknown}
 n - a potion of curing {unknown}
Comestibles
 c - 6 rations
 k - 6 chunks of flesh


   Skills:
 - Level 1.0 Fighting
 - Level 2.0 Dodging
 + Level 4.1 Unarmed Combat
 - Level 2.0 Spellcasting
 + Level 3.4 Transmutations
 + Level 1.5 Poison Magic


You had 3 spell levels left.
You knew the following spells:

 Your Spells              Type           Power        Failure   Level  Hunger
a - Beastly Appendage     Tmut           ###...       5%          1    None
b - Spider Form           Tmut/Pois      ##........   24%         3    None

Your spell library contained the following spells:

 Spells                   Type           Power        Failure   Level  Hunger
 Sticks to Snakes         Tmut           ###.....     9%          2    None
 Ice Form                 Ice/Tmut       ##......     73%         4    None
 Blade Hands              Tmut           ###.......   83%         5    None


Dungeon Overview and Level Annotations

Branches:
Dungeon (4/15)
 Temple: D:4-7

Altars:
Wu Jian

Annotations:
D:3 Grinder, Jessica


Innate Abilities, Weirdness & Mutations

You cannot wear most types of armour.
You are very stealthy in the water. (Stealth+)
You are amphibious.
You can wear up to eight rings at the same time.
You can use your tentacles to constrict eight enemies at once.
Your skin changes colour to match your surroundings (Stealth+).
Your rubbery body absorbs attacks. (AC +1, EV +1)
One of your tentacles bears a large vicious spike.


Message History

You tentacle-slap the iguana. Your grab misses the iguana.
The iguana is moderately wounded.
The iguana bites you.
You closely miss the iguana. You grab the iguana.
You pierce the iguana.
You squeeze the iguana, but do no damage.
The iguana is heavily wounded.
You constrict the iguana. The iguana bites you!
* * * LOW HITPOINT WARNING * * *
Casting: Beastly Appendage (safe; 5% risk of failure)
Confirm with . or Enter, or press ? or * to list all spells.
The spell is quite dangerous to cast (24% risk of failure)!
Continue anyway?
You miscast Spider Form.
You are very lightly contaminated with residual magic.
Strange energies run through your body.
You constrict the iguana. The iguana completely misses you.
It was a potion of brilliance.
You feel clever all of a sudden.
You constrict the iguana, but do no damage.
The iguana bites you.
You die...

### ################.#
.................#
################.#
#..........# #.#
##.########.# #.#
............# #@#
##.########### #l#
.............s .s.
.#.###......# .....
.....+a.....+.......
.#.###......#........
.#.##.................
.#..#.<................
.#..#.........


You could see a scorpion and an iguana.

Vanquished Creatures
  A worker ant (D:4)
  2 adders (D:2)
  An ooze (D:2)
  3 worms
  A dart slug (D:2)
  A leopard gecko (D:1)
  2 ball pythons
  3 giant cockroaches
  5 goblins
  4 hobgoblins
  4 bats
  2 frilled lizards
  9 kobolds
  7 rats
45 creatures vanquished.

Notes
Turn   | Place    | Note
-------+----------+-------------------------------------------
     0 | D:1      | Kold the Octopode Transmuter began the quest for the Orb.
     0 | D:1      | Reached XP level 1. HP: 13/13 MP: 3/3
   360 | D:1      | Reached XP level 2. HP: 14/18 MP: 3/5
  1035 | D:1      | Reached XP level 3. HP: 18/23 MP: 4/6
  1760 | D:2      | Learned a level 3 spell: Spider Form
  1941 | D:2      | Found an ornate altar of the Wu Jian Council.
  2062 | D:2      | Reached XP level 4. HP: 17/28 MP: 5/7
  2386 | D:2      | Reached skill level 4 in Unarmed Combat
  2386 | D:2      | Reached skill level 1 in Poison Magic
  2689 | D:3      | Noticed Grinder
  2725 | D:3      | Noticed Jessica
  3321 | D:4      | Slain by an iguana

Illustrated notes

Levels and vault maps discovered:
D:1:      sevenhm_arrival_forest_fort_small_5, layout_basic,
          serial_corexii_hall, chequers_hall_statues_wall_a,
          corexii_hall_statues_x
D:2:      layout_loops_cross, old_standard_altar, first_ration,
          uniq_crazy_yiuf_cottage
D:3:      layout_basic, uniq_grinder, uniq_jessica
D:4:      layout_basic, nicolae_overflow_crystal_walls, serial_shops,
          nicolae_shop_stone, uniq_ijyb

Skill      XL: |  1  2  3  4 |
---------------+-------------+-----
Transmutations | 3 |  3.4
Unarmed Combat | 4 |  4.1
Poison Magic   | 1 |  1.5
Fighting       | |  1.0
Dodging        | |  2.0
Spellcasting   | |  2.0

Action                   |  1- 3 |  4- 6 || total
-------------------------+-------+-------++-------
Melee: Unarmed           |    82 |    45 ||   127
       Constrict         |    27 |     6 ||    33
       Kick              |    19 |     4 ||    23
       Tentacles         |    10 |    12 ||    22
       Punch             |     2 |     2 ||     4
 Cast: Beastly Appendage |    11 |     6 ||    17
  Use: Scroll            |     1 |       ||     1
       Potion            |       |     1 ||     1
 Stab: Sleeping          |     4 |       ||     4
  Eat: Ration            |     1 |     1 ||     2
       Chunk             |       |     1 ||     1
Armor: Skin              |    15 |     1 ||    16
Dodge: Dodged            |    64 |    13 ||    77
